 Dungeon Crawl Stone Soup version 0.29.1-15-g9cfb28693d (webtiles) character file.

Game seed: 10929332441869393516

737 Ast3rio the Cutter (level 7, -1/60 HPs)
             Began as a Gnoll Cinder Acolyte on Mar 8, 2023.
             Was a High Priest of Ignis.
             Slain by mongooserunner's ghost (2 damage)
             ... on level 5 of the Dungeon.
             The game lasted 00:10:03 (3960 turns).

Ast3rio the Cutter (Gnoll Cinder Acolyte)           Turns: 3960, Time: 00:10:03

Health: -1/60      AC:  5    Str: 14    XL:     7   Next: 75%
Magic:  8/13       EV: 10    Int: 15    God:    Ignis [*****.]
Gold:   122        SH:  0    Dex:  7    Spells: 12/14 levels left

rFire   + . .      SeeInvis .   k - +11 sling of Guile {freeze, rC+++ Will- rCorr Stlth+}
rCold   + + +      Faith    .   (no shield)
rNeg    . . .      Spirit   .   x - +0 ring mail
rPois   .          Reflect  .   (no helmet)
rElec   .          Harm     .   w - scarf {repulsion}
rCorr   +          Rampage  .   (no gloves)
Will    .....                   (no boots)
Stlth   ++........              (no amulet)
HPRegen 0.20/turn               (no ring)
MPRegen 0.13/turn               (no ring)

@: repel missiles
A: fangs 1, strong nose, distributed training
a: Renounce Religion, Fiery Armour, Foxfire Swarm, Rising Flame


You were on level 5 of the Dungeon.
You worshipped Ignis.
Ignis was extremely pleased with you.
You visited 1 branch of the dungeon, and saw 5 of its levels.

You collected 122 gold pieces.

Inventory:

Hand Weapons
 a - a -1 short sword of flaming
 k - the +11 sling of Guile (weapon) {freeze, rC+++ Will- rCorr Stlth+}
   (You found it on level 2 of the Dungeon)

   Any ammunition fired from it freezes those it strikes, dealing additional
   cold damage.
   It can also slow down cold-blooded creatures.
   rC:        It renders you almost immune to cold.
   rCorr:     It protects you from acid and corrosion.
   Will:      It decreases your willpower.
   Stlth:     It makes you more stealthy.
 l - a +0 hand axe of venom
 s - a +1 short sword of flaming
 t - a +0 hammer of protection
 v - a +2 quarterstaff of chaos
 B - a +0 short sword of electrocution
 C - a +0 shortbow
Missiles
 p - 2 throwing nets
Armour
 b - a +0 robe
 w - a scarf of repulsion (worn)
 x - a +0 ring mail (worn)
Magical Staves
 o - a staff of air
Jewellery
 q - a ring of wizardry
Scrolls
 c - a scroll of brand weapon {unknown}
 d - a scroll of teleportation
 e - 4 scrolls of identify
 h - 2 scrolls of amnesia {unknown}
 i - a scroll of enchant weapon {unknown}
 m - a scroll of magic mapping {unknown}
 n - a scroll of poison {unknown}
 r - a scroll of butterflies {unknown}
 y - 2 scrolls of silence {unknown}
 z - a scroll of noise {unknown}
 A - a scroll of fear {unknown}
Potions
 f - a potion of ambrosia {unknown}
 g - a potion of degeneration
 j - 4 potions of curing {unknown}
 u - a potion of lignification {unknown}


   Skills:
 + Level 7.1 Fighting
 + Level 7.1 Short Blades
 + Level 2.8 Long Blades
 + Level 2.8 Axes
 + Level 2.8 Maces & Flails
 + Level 2.8 Polearms
 + Level 2.8 Staves
 + Level 2.8 Ranged Weapons
 + Level 2.8 Throwing
 + Level 2.8 Armour
 + Level 2.8 Dodging
 + Level 2.8 Stealth
 + Level 2.8 Shields
 + Level 2.8 Unarmed Combat
 + Level 4.0 Spellcasting
 + Level 2.2 Conjurations
 + Level 2.2 Hexes
 + Level 2.2 Summonings
 + Level 2.2 Necromancy
 + Level 2.2 Translocations
 + Level 2.2 Transmutations
 + Level 5.9 Fire Magic
 + Level 2.2 Ice Magic
 + Level 2.2 Air Magic
 + Level 2.2 Earth Magic
 + Level 2.2 Poison Magic
 + Level 3.1 Invocations
 + Level 2.8 Evocations


You had 12 spell levels left.
You knew the following spells:

 Your Spells              Type           Power      Damage    Failure   Level
a - Scorch                Fire           40%        2d7       4%          2

Your spell library contained the following spells:

 Spells                   Type           Power      Damage    Failure   Level
 Petrify                  Tmut/Erth      9%         N/A       80%         4
 Metabolic Englaciation   Hex/Ice        4%         N/A       98%         5
 Statue Form              Tmut/Erth      6%         N/A       100%        6


Dungeon Overview and Level Annotations

Branches:
Dungeon (5/15)             Temple (0/1) D:5

Altars:
Elyvilon
Gozag
Hepliaklqana
Okawaru
Qazlal
Ru
Uskayaw
Xom
Yredelemnul
The Shining One

Portals:
Abyss: D:3

Annotations:
D:3 2 transporters, UCchamp's ghost, amateur MeFi
D:5 mongooserunner's ghost, novice TeHu


Innate Abilities, Weirdness & Mutations

You have very sharp teeth.
Your uncanny sense of smell can sniff out nearby items.
Your experience applies equally to all skills.


Message History

Mongooserunner's ghost laughs crazily.
Mongooserunner's ghost closely misses you.
The kobold brigand hits you with a +0 short sword.
You are too injured to fight recklessly!
You are too injured to fight recklessly!
You are too injured to fight recklessly!
Casting: Scorch (safe; 4% risk of failure)
Confirm with . or Enter, or press ? or * to list all spells.
Flames lash mongooserunner's ghost.
Mongooserunner's ghost resists.
Mongooserunner's ghost is heavily damaged.
Mongooserunner's ghost's fire resistance burns away.
Mongooserunner's ghost hits you! The kobold brigand barely misses you.
Casting: Scorch (safe; 4% risk of failure)
Confirm with . or Enter, or press ? or * to list all spells.
Flames lash the kobold brigand.
The kobold brigand is severely wounded.
The kobold brigand's fire resistance burns away.
The kobold brigand hits you with a +0 short sword.
* * * LOW HITPOINT WARNING * * *
Mongooserunner's ghost hits you!
* * * LOW HITPOINT WARNING * * *
Fire: k) +11 sling of Guile {freeze, rC+++ Will- rCorr Stlth+}
Press: ? - help, Q - select action, (/) - cycle Shift-Dir - straight line, f - kobold brigand
Aim: a kobold brigand, wielding a +0 short sword and quivering curare-tipped darts (severely wounded, more vulnerable to fire, 62% to hit)
You shoot a sling bullet.
The sling bullet hits the kobold brigand!
The sling bullet freezes the kobold brigand.
You kill the kobold brigand!
Mongooserunner's ghost hits you!
* * * LOW HITPOINT WARNING * * *
Your Spellcasting skill increases to level 4!
Fire: k) +11 sling of Guile {freeze, rC+++ Will- rCorr Stlth+}
Press: ? - help, Q - select action, (/) - cycle Shift-Dir - straight line, f - mongooserunner's ghost
Aim: mongooserunner's ghost (heavily damaged, more vulnerable to fire, 54% to hit)
You shoot a sling bullet.
The sling bullet hits mongooserunner's ghost!
The sling bullet freezes mongooserunner's ghost.
Mongooserunner's ghost is severely damaged.
Mongooserunner's ghost hits you.
You die...

###...†.#### ######.##.##.
####.......## ##.#...#P
............# #######....>...
####.......## #........#...#P
##.....#############.##.###
###....###..##.8.##....P.P##
.............#.$$$∩###.......
#####.###.#..).)..8###....###
#. #...@W._8$∩##....)# #.
###..)$$.$8##.##### #.
#..#..$?.#..# #..##.8.#####
#########


You could see mongooserunner's ghost (combustible).

Vanquished Creatures
  A centaur (D:5)
  A phantom (D:4)
  A kobold brigand (D:5)
  2 necrophages (D:4)
  A scorpion (D:4)
  Crazy Yiuf (D:3)
  A gnoll bouda (D:5)
  2 hounds (D:4)
  Jessica (D:2)
  An iguana (D:4)
  6 gnolls
  2 adders (D:2)
  A dart slug (D:1)
  5 orcs
  7 ball pythons
  4 endoplasms
  3 giant cockroaches
  8 goblins
  6 hobgoblins
  17 kobolds
  5 quokkas
  5 bats
  3 frilled lizards
  4 rats
88 creatures vanquished.

Vanquished Creatures (others)
  16 foxfires (D:5)
  2 plants (D:5)
18 creatures vanquished.

Grand Total: 106 creatures vanquished

Notes
Turn   | Place    | Note
-------+----------+-------------------------------------------
     0 | D:1      | Ast3rio the Gnoll Cinder Acolyte began the quest for the
                  | Orb.
     0 | D:1      | Reached XP level 1. HP: 23/23 MP: 4/4
     2 | D:1      | Noticed a troll
     2 | D:1      | Noticed a minotaur
     4 | D:1      | Noticed a meteoran
     4 | D:1      | Noticed a formicid
     6 | D:1      | Noticed a felid
     6 | D:1      | Noticed a draconian
     8 | D:1      | Noticed a naga
     8 | D:1      | Noticed a tengu
    10 | D:1      | Noticed a demonspawn
    10 | D:1      | Noticed a merfolk
    12 | D:1      | Noticed a demigod
    14 | D:1      | Noticed an ogre
    14 | D:1      | Noticed a gargoyle
    16 | D:1      | Noticed an octopode
    18 | D:1      | Noticed a vampire
    18 | D:1      | Noticed a vine stalker
    20 | D:1      | Noticed an elf
    20 | D:1      | Noticed a spriggan
    22 | D:1      | Noticed a palentonga
    24 | D:1      | Noticed a ghoul
    24 | D:1      | Noticed an ogre
    26 | D:1      | Noticed a naga
    26 | D:1      | Noticed an ogre
   421 | D:1      | Reached XP level 2. HP: 27/29 MP: 5/5
  1110 | D:1      | Learned a level 2 spell: Scorch
  1209 | D:2      | Noticed Jessica
  1217 | D:2      | Killed Jessica
  1218 | D:2      | Reached skill level 1 in Long Blades
  1218 | D:2      | Reached skill level 1 in Axes
  1218 | D:2      | Reached skill level 1 in Maces & Flails
  1218 | D:2      | Reached skill level 1 in Polearms
  1218 | D:2      | Reached skill level 1 in Staves
  1218 | D:2      | Reached skill level 1 in Ranged Weapons
  1218 | D:2      | Reached skill level 1 in Throwing
  1218 | D:2      | Reached skill level 1 in Armour
  1218 | D:2      | Reached skill level 1 in Dodging
  1218 | D:2      | Reached skill level 1 in Stealth
  1218 | D:2      | Reached skill level 1 in Shields
  1218 | D:2      | Reached skill level 1 in Unarmed Combat
  1218 | D:2      | Reached skill level 1 in Invocations
  1218 | D:2      | Reached skill level 1 in Evocations
  1218 | D:2      | Reached XP level 3. HP: 35/35 MP: 4/7
  1414 | D:2      | Identified the +11 sling of Guile {freeze, rC+++ Will-
                  | rCorr Stlth+}
  1480 | D:2      | Reached XP level 4. HP: 40/41 MP: 6/8
  1615 | D:2      | Reached skill level 1 in Conjurations
  1615 | D:2      | Reached skill level 1 in Hexes
  1615 | D:2      | Reached skill level 1 in Summonings
  1615 | D:2      | Reached skill level 1 in Necromancy
  1615 | D:2      | Reached skill level 1 in Translocations
  1615 | D:2      | Reached skill level 1 in Transmutations
  1615 | D:2      | Reached skill level 1 in Ice Magic
  1615 | D:2      | Reached skill level 1 in Air Magic
  1615 | D:2      | Reached skill level 1 in Earth Magic
  1615 | D:2      | Reached skill level 1 in Poison Magic
  1986 | D:3      | Noticed a small abomination
  2023 | D:3      | Reached XP level 5. HP: 45/47 MP: 9/9
  2092 | D:3      | Found a basalt altar of Yredelemnul.
  2094 | D:3      | Found a hide-covered altar of Uskayaw.
  2100 | D:3      | Found a hazy altar of Hepliaklqana.
  2101 | D:3      | Found a glowing golden altar of the Shining One.
  2103 | D:3      | Found a white marble altar of Elyvilon.
  2103 | D:3      | Found a sacrificial altar of Ru.
  2104 | D:3      | Found an opulent altar of Gozag.
  2106 | D:3      | Found a stormy altar of Qazlal.
  2110 | D:3      | Found a shimmering altar of Xom.
  2166 | D:3      | Found a transporter.
  2166 | D:3      | Found a one-way gate to the infinite horrors of the Abyss.
  2166 | D:3      | Noticed UCchamp's ghost (amateur MeFi)
  2171 | D:3      | Noticed a small abomination
  2344 | D:3      | Found a runed translucent door.
  2345 | D:3      | Noticed Crazy Yiuf
  2380 | D:3      | Killed Crazy Yiuf
  2552 | D:3      | Found a faded altar of an unknown god.
  2699 | D:3      | Found a transporter.
  2745 | D:4      | Noticed a phantom
  2752 | D:4      | Killed a phantom
  2753 | D:4      | Reached XP level 6. HP: 47/53 MP: 9/11
  2891 | D:4      | HP: 2/52 [poisoned by a scorpion]
  2894 | D:4      | Reached XP level 7. HP: 3/60 MP: 2/12
  3566 | D:4      | Found an iron altar of Okawaru.
  3738 | D:5      | Entered Level 5 of the Dungeon
  3756 | D:5      | Found a staircase to the Ecumenical Temple.
  3942 | D:5      | Found a runed translucent gate.
  3942 | D:5      | Found a runed translucent gate.
  3943 | D:5      | Found an opulent altar of Gozag.
  3943 | D:5      | Found a runed translucent gate.
  3944 | D:5      | Noticed mongooserunner's ghost (novice TeHu)
  3959 | D:5      | HP: 1/60 [mongooserunner's ghost (9)]
  3960 | D:5      | Slain by mongooserunner's ghost

Illustrated notes

Levels and vault maps discovered:
D:1:      kb_arrival_jail, layout_loops_ring
D:2:      layout_basic, kennysheep_generic_room_14, uniq_jessica
D:3:      layout_basic, nicolae_overflow_hallway_of_the_gods,
          gammafunk_ghost_abyssal_escape,
          dreamdust_ecumenical_altar_angels_and_demons, uniq_crazy_yiuf_cottage
D:4:      layout_loops_ring, lemuel_tele_altar, hangedman_decor_riveting,
          minmay_misc_feat_rows
D:5:      layout_loops_ring, nicolae_overflow_hidden_temple,
          minmay_temple_entry_gardened_gates, chequers_ossuary_entry_cave,
          ebering_ghost_gozag, abandoned_shop

Skill      XL: |  1  2  3  4  5  6  7 |
---------------+----------------------+-----
Long Blades    | 1 2 |  2.8
Axes           | 1 2 |  2.8
Maces & Flails | 1 2 |  2.8
Polearms       | 1 2 |  2.8
Staves         | 1 2 |  2.8
Ranged Weapons | 1 2 |  2.8
Throwing       | 1 2 |  2.8
Armour         | 1 2 |  2.8
Dodging        | 1 2 |  2.8
Stealth        | 1 2 |  2.8
Shields        | 1 2 |  2.8
Unarmed Combat | 1 2 |  2.8
Invocations    | 1 2 3 |  3.1
Evocations     | 1 2 |  2.8
Spellcasting   | 3 4 |  4.0
Conjurations   | 1 2 |  2.2
Hexes          | 1 2 |  2.2
Summonings     | 1 2 |  2.2
Necromancy     | 1 2 |  2.2
Translocations | 1 2 |  2.2
Transmutations | 1 2 |  2.2
Ice Magic      | 1 2 |  2.2
Air Magic      | 1 2 |  2.2
Earth Magic    | 1 2 |  2.2
Poison Magic   | 1 2 |  2.2
Fighting       | 7 |  7.1
Short Blades   | 7 |  7.1
Fire Magic     | |  5.9

Action                   |  1- 3 |  4- 6 |  7- 9 || total
-------------------------+-------+-------+-------++-------
Melee: Short sword       |    79 |       |       ||    79
       Bite              |     3 |       |     4 ||     7
       Punch             |     1 |       |       ||     1
       Sling             |       |       |     8 ||     8
 Fire: Sling             |     6 |    87 |    35 ||   128
 Cast: Scorch            |     4 |     6 |     2 ||    12
Invok: Foxfire Swarm     |       |       |     1 ||     1
  Use: Scroll            |       |       |     2 ||     2
Armor: Robe              |    13 |     3 |       ||    16
       Ring mail         |       |    11 |     1 ||    12
Dodge: Dodged            |    32 |    30 |    13 ||    75
